 Dungeon Sprint DCSS version bcrawl-1.15.1 (webtiles) character file.

Game seed: 13328626377589811074

1647 Kerapac the Warrior (level 9, 19/97 HPs)
             Began as a Hill Orc Archaeologist on Oct 5, 2019.
             Was a Priest of Okawaru.
             Quit the game in the Dungeon (Sprint VII: "The Pits").
             The game lasted 00:02:47 (599 turns).

Kerapac the Warrior (Hill Orc Archaeologist)         Turns: 599, Time: 00:02:48

Health: 19/97      AC:  6    Str: 17    XL:     9   Next: 0%
Magic:  8/12       EV: 12    Int: 14    God:    Okawaru [***...]
Gold:   0          SH:  3    Dex:  9    Spells: 8/8 levels left

rFire    . . .     SeeInvis .   f - +9 sword of Zonguldrok {reap}
rCold    . . .     Gourm    .   (no shield)
rNeg     . . .     Faith    .   b - +1 robe
rPois    .         Spirit   .   c - +1 hat
rElec    .         Reflect  .   (no cloak)
rCorr    .         Harm     .   (no gloves)
MR       .....     NoTele   +   d - +1 pair of boots
Stlth    ++........             (no amulet)
HPRegen  0.26/turn              (no ring)
MPRegen  0.13/turn              (no ring)

@: lethally poisoned (19 -> -30)
A: no striking features
a: Heroism, Renounce Religion


You were in the Dungeon.
You worshipped Okawaru.
Okawaru was most pleased with you.
You were not hungry.

You visited 1 branch

Inventory:

Hand Weapons
 a - a +0 whip
 f - the +9 sword of Zonguldrok (weapon) {reap} If a monster killed with it leaves a corpse in good enough shape, the corpse will be animated as a zombie friendly to the killer.
 r - a +2 mace of draining
Armour
 b - a +1 robe (worn)
 c - a +1 hat (worn)
 d - a +1 pair of boots (worn)
Wands
 e - a wand of disintegration (10)
Scrolls
 m - a scroll of blinking
 n - 2 scrolls of vulnerability
 o - 3 scrolls of remove curse
 p - 5 scrolls of amnesia
 q - a scroll of summoning
Potions
 h - a potion of berserk rage
 j - a potion of haste
 k - 4 potions of magic
 l - 2 potions of invisibility
Comestibles
 g - 9 rations {!d}


   Skills:
 * Level 15.5 Fighting
   Level 15.5 Short Blades
   Level 15.5 Long Blades
   Level 15.5 Axes
   Level 15.5 Maces & Flails
   Level 15.5 Polearms
   Level 15.5 Staves
 + Level 3.5 Armour
 - Level 2.4 Dodging
 - Level 2.6 Stealth
   Level 15.5 Unarmed Combat
 + Level 4.2 Invocations


You had 8 spell levels left.
You didn't know any spells.
Your spell library was empty.

Dungeon Overview and Level Annotations

Branches:
Dungeon (1/1)

Altars:
Ashenzari
Cheibriados
Dithmenos
Elyvilon
Fedhas
Gozag
Hepliaklqana
Kikubaaqudgha
Lugonu
Makhleb
Nemelex Xobeh
Okawaru
Qazlal
Ru
Sif Muna
Trog
Uskayaw
Vehumet
Wu Jian
Xom
Yredelemnul
Zin
The Shining One
Beogh
Jiyva


Message History

Your Armour skill gained 3 levels and is now at level 3!
Your Invocations skill gained 4 levels and is now at level 4!
You have reached level 9!
Your experience leads to an increase in your attributes!
Increase (S)trength, (I)ntelligence, or (D)exterity?
You feel stronger.
You are engulfed in poison gas.
You are more poisoned.
You feel sick.
The guardian mummy hits your swamp dragon zombie.
You are engulfed in poison gas.
You are more poisoned.
* * * LOW HITPOINT WARNING * * *
x2 You feel very sick.
* * * LOW HITPOINT WARNING * * *
You feel very sick.
Okay, then.
Okay, then.
Okay, then.
Are you sure you want to abandon this character and quit the game? (Confirm with "yes".)

#.#)(+ #.......#
#.#..# #.......#
#'###########.......#
#..#.#.##..##########
#...÷...#†######
##.#.#.##.#....#
#.......#'#....#
##.#.#°##ZM....+
#.....@°#○#....#
##.#.#°°Z○#....#
###############


You could see a friendly swamp dragon zombie.

Vanquished Creatures
  An unseen horror (D)
  A swamp dragon (D)
  A hungry ghost (D)
  A floating eye (D)
  An ice beast (D)
  A sky beast (D)
  A necrophage (D)
  A big kobold (D)
  An orc wizard (D)
  3 worker ants (D)
  Terence (D)
  An adder (D)
  An ooze (D)
  A worm (D)
  An orc (D)
  A goblin (D)
  A jackal (D)
  2 ball pythons (D)
  A frilled lizard (D)
22 creatures vanquished.

Vanquished Creatures (collateral kills)
  A gnoll (D)
  An orc (D)
  A jackal (D)
  A frilled lizard (D)
4 creatures vanquished.

Grand Total: 26 creatures vanquished

Notes
Turn   | Place    | Note
-------+----------+-------------------------------------------
     0 | D        | Kerapac the Hill Orc Archaeologist began the quest for the
                  | Orb.
     0 | D        | Reached XP level 1. HP: 15/15 MP: 1/1
    10 | D        | Noticed a worker ant
    20 | D        | Killed a worker ant
    20 | D        | Reached skill level 4 in Fighting
    20 | D        | Reached XP level 2. HP: 9/28 MP: 2/2
    20 | D        | Reached XP level 3. HP: 12/35 MP: 3/3
    52 | D        | Found a glowing golden altar of the Shining One.
    52 | D        | Found a glowing silver altar of Zin.
    52 | D        | Found a basalt altar of Yredelemnul.
    52 | D        | Found a shimmering altar of Xom.
    52 | D        | Found an ornate altar of the Wu Jian Council.
    52 | D        | Found a bloodstained altar of Trog.
    52 | D        | Found a shimmering blue altar of Sif Muna.
    52 | D        | Found a sacrificial altar of Ru.
    52 | D        | Found a stormy altar of Qazlal.
    52 | D        | Found an iron altar of Okawaru.
    52 | D        | Found a sparkling altar of Nemelex Xobeh.
    52 | D        | Found a burning altar of Makhleb.
    52 | D        | Found a viscous altar of Jiyva.
    52 | D        | Found a hazy altar of Hepliaklqana.
    52 | D        | Found an opulent altar of Gozag.
    52 | D        | Found a blossoming altar of Fedhas.
    52 | D        | Found a white marble altar of Elyvilon.
    52 | D        | Found a shadowy altar of Dithmenos.
    52 | D        | Found a snail-covered altar of Cheibriados.
    53 | D        | Found a radiant altar of Vehumet.
    53 | D        | Found a corrupted altar of Lugonu.
    53 | D        | Found a roughly hewn altar of Beogh.
    54 | D        | Found an ancient bone altar of Kikubaaqudgha.
    54 | D        | Found a hide-covered altar of Uskayaw.
    54 | D        | Found a shattered altar of Ashenzari.
    58 | D        | Became a worshipper of Warmaster Okawaru
   186 | D        | Noticed a floating eye
   189 | D        | Killed a floating eye
   189 | D        | Reached * piety under Okawaru
   189 | D        | Reached skill level 9 in Fighting
   189 | D        | Reached XP level 4. HP: 45/50 MP: 4/4
   189 | D        | Reached XP level 5. HP: 51/57 MP: 5/5
   207 | D        | Reached skill level 10 in Fighting
   356 | D        | Noticed a necrophage
   359 | D        | Reached XP level 6. HP: 67/67 MP: 6/6
   360 | D        | Noticed an ice beast
   368 | D        | Killed a necrophage
   368 | D        | Reached skill level 11 in Fighting
   378 | D        | Killed an ice beast
   378 | D        | Reached skill level 12 in Fighting
   400 | D        | Killed an unseen horror
   400 | D        | Reached ** piety under Okawaru
   400 | D        | Reached skill level 14 in Fighting
   400 | D        | Reached XP level 7. HP: 82/82 MP: 7/7
   400 | D        | Reached XP level 8. HP: 90/90 MP: 8/8
   442 | D        | Noticed Terence
   444 | D        | Killed Terence
   448 | D        | Reached *** piety under Okawaru
   463 | D        | Reached skill level 15 in Fighting
   585 | D        | Noticed a guardian mummy
   585 | D        | Noticed a swamp dragon
   596 | D        | Killed a swamp dragon
   596 | D        | Reached XP level 9. HP: 40/97 MP: 8/12
   599 | D        | Quit the game

Skill      XL: |  1  2  3  4  5  6  7  8 |
---------------+-------------------------+-----
Fighting       | 4 9 10 14 15 | 15.5
Armour         | 3 |  3.5
Invocations    | 4 |  4.2
Short Blades   | | 15.5
Long Blades    | | 15.5
Axes           | | 15.5
Maces & Flails | | 15.5
Polearms       | | 15.5
Staves         | | 15.5
Dodging        | |  2.4
Stealth        | |  2.6
Unarmed Combat | | 15.5

Action                   |  1- 3 |  4- 6 |  7- 9 || total
-------------------------+-------+-------+-------++-------
Melee: Whip              |     9 |       |       ||     9
       Mace              |     2 |       |       ||     2
       Double sword      |       |    31 |    27 ||    58
       Punch             |       |     2 |     3 ||     5
  Use: Potion            |     2 |     2 |       ||     4
 Stab: Sleeping          |       |     2 |       ||     2
Armor: Robe              |       |     7 |     2 ||     9
Dodge: Dodged            |     4 |    19 |    11 ||    34
Block: Other             |       |     3 |     2 ||     5
